 Dungeon Crawl Stone Soup version 0.27.1 (webtiles) character file.

Game seed: 1560739320903314852

421 hawla the Sneak (level 6, 0/34 (37) HPs)
             Began as a Deep Elf Delver on Aug 27, 2021.
             Slain by an orc (2 damage)
             ... on level 5 of the Dungeon.
             The game lasted 00:15:13 (7657 turns).

hawla the Sneak (Deep Elf Delver)                   Turns: 7657, Time: 00:15:14

HP:   0/34 (37)     AC:  4    Str: 15    XL:     6   Next: 62%
MP:   1/10          EV: 12    Int: 17    God:
Gold: 197           SH:  4    Dex: 16    Spells: 5/8 levels left

rFire    . . .     SeeInvis .   i - +2 short sword (distort)
rCold    . . .     Faith    .   s - +0 buckler
rNeg     . . .     Spirit   .   o - +0 robe
rPois    .         Reflect  .   p - +0 helmet
rElec    .         Harm     .   n - +0 cloak
rCorr    .         Rampage  .   (no gloves)
Will     .....                  (no boots)
Stlth    ++++......             (no amulet)
HPRegen  0.11/turn              h - +6 ring of strength
MPRegen  0.12/turn              (no ring)

@: very slightly contaminated, drained
A: no striking features
a: no special abilities


You were on level 5 of the Dungeon.
You visited 1 branch of the dungeon, and saw 5 of its levels.

You collected 197 gold pieces.

Inventory:

Hand Weapons
 i - a +2 short sword of distortion (weapon)
Missiles
 b - 8 javelins (quivered)
 l - 4 poisoned darts
 m - 12 boomerangs
Armour
 n - a +0 cloak (worn)
 o - a +0 robe (worn)
 p - a +0 helmet (worn)
 s - a +0 buckler (worn)
Jewellery
 h - a +6 ring of strength (left hand)
Wands
 g - a wand of digging (3)
 k - a wand of acid (7)
Scrolls
 a - a scroll of acquirement {unknown}
 c - a scroll of fog
 d - 2 scrolls of magic mapping
 e - 2 scrolls of identify
 q - a scroll of enchant weapon {unknown}
Potions
 f - 2 potions of haste
 r - a potion of magic


   Skills:
 - Level 3.0 Fighting
 + Level 4.1 Short Blades
 + Level 1.5 Throwing
 + Level 3.6 Dodging
 + Level 7.7 Stealth
 + Level 0.1 Shields
 + Level 1.8 Spellcasting
 + Level 1.5 Necromancy
 + Level 0.6 Evocations


You had 5 spell levels left.
You knew the following spells:

 Your Spells              Type           Power      Damage    Failure   Level
a - Vampiric Draining     Necr           3%         2d6       45%         3

Your spell library contained the following spells:

 Spells                   Type           Power      Damage    Failure   Level
 Corona                   Hex            1%         N/A       32%         1
 Freeze                   Ice            4%         1d3       32%         1
 Ensorcelled Hibernation  Hex/Ice        2%         N/A       43%         2
 Slow                     Hex            1%         N/A       43%         2
 Confusing Touch          Hex            1%         N/A       67%         3
 Frozen Ramparts          Ice            2%         1d2       67%         3
 Tukima's Dance           Hex            1%         N/A       67%         3
 Hailstorm                Conj/Ice       1%         3d3       97%         4


Dungeon Overview and Level Annotations

Branches:
Dungeon (5/15)
 Temple: D:4-7

Altars:
Gozag
Kikubaaqudgha
Vehumet

Shops:
D:1 =

Annotations:
D:5 1 runed translucent door, Crazy Yiuf


Message History

The ogre hits you with a +0 giant club! The ogre closely misses you.
There is a stone staircase leading up, spattered with blood here.
You completely miss the ogre. The orc hits you with a +0 club.
Okay, then.
Casting: Vampiric Draining (quite dangerous; 45% risk of failure)
Confirm with . or Enter, or press ? or * to list all spells.
The spell is quite dangerous to cast (45% risk of failure)!
Continue anyway? [Y]es or [N]o only, please.
The spell is quite dangerous to cast (45% risk of failure)!
Continue anyway? [Y]es or [N]o only, please.
The spell is quite dangerous to cast (45% risk of failure)!
Continue anyway? [Y]es or [N]o only, please.
The spell is quite dangerous to cast (45% risk of failure)!
Continue anyway?
Aiming: Vampiric Draining (quite dangerous; 45% risk of failure)
Press: ? - help, Shift-Dir - straight line, f - ogre
Aim: an ogre, wielding a +0 giant club You miscast Vampiric Draining.
You are very lightly contaminated with residual magic.
Nothing appears to happen.
The ogre barely misses you. The orc hits you with a +0 club.
Casting: Vampiric Draining (quite dangerous; 45% risk of failure)
Confirm with . or Enter, or press ? or * to list all spells.
The spell is quite dangerous to cast (45% risk of failure)!
Continue anyway?
Aiming: Vampiric Draining (quite dangerous; 45% risk of failure)
Press: ? - help, Shift-Dir - straight line, f/p - ogre
Aim: an ogre, wielding a +0 giant club You miscast Vampiric Draining.
You convulse helplessly as pain tears through your body.
You feel drained. The ogre hits you with a +0 giant club.
The orc closely misses you.
Casting: Vampiric Draining (quite dangerous; 45% risk of failure)
Confirm with . or Enter, or press ? or * to list all spells.
The spell is quite dangerous to cast (45% risk of failure)!
Continue anyway?
Aiming: Vampiric Draining (quite dangerous; 45% risk of failure)
Press: ? - help, Shift-Dir - straight line, f/p - ogre
Aim: an ogre, wielding a +0 giant club You miscast Vampiric Draining.
Pain shoots through your body!
You feel drained.
* * * LOW HITPOINT WARNING * * *
The orc hits you with a +0 club.
You die...

#g..+.####.......# #####
#...##..#........# #...# ###
###.#..#....# #...#
#######...#### #...# #....... .
##...####### ####.......
....#..........#######..........
...........$....O................
.S##.#.#....#...@####.###....##..
# #.#.##.#.#o## #.# ########.
#......#.n.# #.# #####.
#...#............. .......
#...#.....P.....## .####..
#...#..##'#.P#### #.. #...#..#.!
### #.. #. #.. #.. # #+# #..


You could see an ogre, a necrophage and an orc.

Vanquished Creatures
  A black bear (D:4)
  A centaur zombie (D:4)
  Ijyb (D:4)
  An iguana (D:5)
  2 orc wizards
  7 adders
  An ufetubus (D:5)
  An adder zombie (D:2)
  2 adder skeletons (D:2)
  2 worms (D:2)
  3 dart slugs
  8 orcs
  6 ball pythons
  A bat skeleton (D:2)
  6 endoplasms
  3 giant cockroaches
  6 goblins
  5 hobgoblins
  2 jackals (D:2)
  3 quokkas
  4 frilled lizards
  A jackal skeleton (D:4)
  A jackal zombie (D:2)
  11 kobolds
  A quokka skeleton (D:2)
  A quokka zombie (D:2)
  6 rats
87 creatures vanquished.

Vanquished Creatures (others)
  7 withered plants (D:2)
7 creatures vanquished.

Grand Total: 94 creatures vanquished

Notes
Turn   | Place    | Note
-------+----------+-------------------------------------------
     0 | D:5      | hawla the Deep Elf Delver began the quest for the Orb.
     0 | D:5      | Reached XP level 1. HP: 13/13 MP: 3/3
    15 | D:4      | Noticed an orc wizard
   408 | D:1      | Reached XP level 2. HP: 8/18 MP: 4/4
   835 | D:1      | Found Kilobla's Jewellery Emporium.
  1535 | D:1      | Found a faded altar of an unknown god.
  1841 | D:2      | Reached XP level 3. HP: 20/22 MP: 5/5
  1897 | D:2      | Reached skill level 7 in Stealth
  2439 | D:2      | Reached XP level 4. HP: 10/27 MP: 6/6
  3632 | D:2      | Found an opulent altar of Gozag.
  4211 | D:2      | Reached XP level 5. HP: 12/31 MP: 7/7
  4455 | D:2      | Reached skill level 1 in Throwing
  5372 | D:3      | Learned a level 3 spell: Vampiric Draining
  5737 | D:4      | Noticed a black bear
  6071 | D:4      | Found a radiant altar of Vehumet.
  6490 | D:4      | Found an ancient bone altar of Kikubaaqudgha.
  6552 | D:4      | Noticed Ijyb
  6568 | D:4      | Killed a black bear
  6569 | D:4      | Reached skill level 1 in Spellcasting
  6569 | D:4      | Reached skill level 1 in Necromancy
  6569 | D:4      | Reached XP level 6. HP: 35/36 MP: 8/10
  6702 | D:4      | Killed Ijyb
  7559 | D:5      | Found a runed translucent door.
  7560 | D:5      | Noticed Crazy Yiuf
  7657 | D:5      | Slain by an orc

Illustrated notes

Levels and vault maps discovered:
D:1:      amcnicky_arrival_feature_with_door, layout_basic, serial_shops,
          nicolae_shop_trees, dreamdust_ecumenical_altar_hidden_monk_grotto
D:2:      layout_loops_ring, basic_altar, serial_undead, serial_undead_f,
          serial_undead_a, serial_undead_c, serial_undead_a, serial_undead_b,
          serial_undead_b, serial_undead_e, minmay_tall_x
D:3:      layout_rooms
D:4:      layout_layer_cave, mainiacjoe_overflow_24_doors,
          kiku_gazebo_pond_becter, uniq_ijyb
D:5:      corexii_shantytown, layout_basic, mainiacjoe_overflow_brackets,
          minmay_temple_entry_ruins, serial_shops, nicolae_shop_trees,
          uniq_crazy_yiuf_cottage

Skill      XL: |  1  2  3  4  5  6 |
---------------+-------------------+-----
Stealth        | 7 |  7.7
Short Blades   | 3 4 |  4.1
Throwing       | 1 |  1.5
Dodging        | 3 |  3.6
Spellcasting   | 1 |  1.8
Necromancy     | 1 |  1.5
Fighting       | 3 |  3.0
Shields        | |  0.1
Evocations     | |  0.6

Action                   |  1- 3 |  4- 6 || total
-------------------------+-------+-------++-------
Melee: Short sword       |   120 |   210 ||   330
       Dagger            |       |    31 ||    31
Throw: Javelin           |       |    18 ||    18
       Boomerang         |       |     9 ||     9
 Cast: Vampiric Draining |       |     7 ||     7
  Use: Potion            |       |    12 ||    12
       Scroll            |       |     6 ||     6
 Stab: Sleeping          |    15 |     9 ||    24
       Distracted        |     1 |       ||     1
Armor: Leather armour    |     6 |       ||     6
       Robe              |    10 |    30 ||    40
       Skin              |       |    47 ||    47
Dodge: Dodged            |    74 |   151 ||   225
Block: Buckler           |       |     1 ||     1
